 Dungeon Crawl Stone Soup version 0.32-a0-834-geaf45d8e21 (webtiles) character file.

Game seed: 8456996708958758856

1719 hikkokomori the Apothecary (level 9, -1/62 HPs)
             Began as a Coglin Alchemist on Mar 25, 2024.
             Was a Believer of Vehumet.
             Slain by an orc warrior
             ... wielding a +0 halberd
              (19 damage)
             ... on level 6 of the Dungeon.
             The game lasted 00:18:09 (7186 turns).

hikkokomori the Apothecary (Coglin Alchemist)       Turns: 7186, Time: 00:18:09

Health: -1/62      AC:  6    Str: 12    XL:     9   Next: 4%
Magic:  5/15       EV: 10    Int: 18    God:    Vehumet [**....]
Gold:   291        SH:  0    Dex: 15    Spells: 4/17 levels left

rFire   + + .        p - +0 sling {Wira}
rCold   + . .        q - +0 sling {Vikramjeet}
rNeg    . . .        k - +1 leather armour of Inference {rF++ rC+ Str+3}
rPois   .            h - +0 helmet
rElec   .            (no cloak)
rCorr   .            (no gloves)
SInv    .            d - +0 pair of boots
Will    .....        (amulet unavailable)
Stlth   ++           (ring unavailable)
HPRegen 0.30/turn    (ring unavailable)
MPRegen 0.14/turn    (no gizmo)

%: no passive effects
@: revved
A: off-hand wielding, slow wielding, warmup strikes, no jewellery
a: Invent Gizmo, Renounce Religion


You were on level 6 of the Dungeon.
You worshipped Vehumet.
Vehumet was pleased with you.
You visited 1 branch of the dungeon, and saw 6 of its levels.
You also visited: Sewer.

You collected 291 gold pieces.

Inventory:

Hand Weapons
 e - a +0 whip {Yuxuan}
 g - a +0 dagger {Dusana}
 p - a +0 sling (weapon) {Wira}
 q - a +0 sling (offhand) {Vikramjeet}
Armour
 a - a +0 robe
 d - a +0 pair of boots (worn)
 h - a +0 helmet (worn)
 k - the +1 leather armour of Inference (worn) {rF++ rC+ Str+3}
   (You found it on level 4 of the Dungeon)

   Str+3:     It affects your strength (+3).
   rF++:      It greatly protects you from fire.
   rC+:       It protects you from cold.
Wands
 o - a wand of paralysis (6)
Scrolls
 c - 6 scrolls of teleportation
 i - a scroll of poison
 j - a scroll of torment
 r - 2 scrolls of fog
 t - a scroll of fear {unknown}
Potions
 b - 2 potions of magic
 f - 2 potions of heal wounds {unknown}
 l - 2 potions of invisibility
 m - a potion of resistance
 n - 2 potions of mutation
 s - a potion of cancellation {unknown}
 u - a potion of haste
 v - a potion of might {unknown}
 w - a potion of enlightenment {unknown}


   Skills:
 + Level 2.7 Fighting
 + Level 3.3 Ranged Weapons
 - Level 2.0 Armour
 - Level 1.7 Dodging
 - Level 3.0 Stealth
 + Level 4.6 Spellcasting
 - Level 3.1 Conjurations
 - Level 2.0 Air Magic
 + Level 6.5 Alchemy
 + Level 4.5 Evocations


You had 4 spell levels left.
You knew the following spells:

 Your Spells              Type           Power      Damage    Failure   Level
a - Sting                 Conj/Alch      84%        1d8       2%          1
b - Mephitic Cloud        Conj/Alch/Air  18%        N/A       11%         3
c - Olgreb's Toxic Radia  Alch           27%        N/A       12%         4
d - Freezing Cloud        Conj/Ice/Air   5%         6-21      94%         5

Your spell library contained the following spells:

 Spells                   Type           Power      Damage    Failure   Level
 Foxfire                  Conj/Fire      36%        2x1d5     10%         1
 Mercury Vapours          Alch/Air       38%        N/A       4%          2
 Cigotuvi's Dreadful Rot  Necr/Alch/Air  28%        N/A       9%          2
 Freeze                   Ice            16%        1d4       19%         1
 Call Imp                 Summ           8%         N/A       26%         2
 Sublimation of Blood     Necr           4%         N/A       26%         2
 Hailstorm                Conj/Ice       9%         3d6       28%         3
 Sticky Flame             Fire/Alch      15%        2d5       43%         4
 Frozen Ramparts          Ice            8%         1d2       47%         3
 Passwall                 Erth           4%         N/A       47%         3
 Volatile Blastmotes      Fire/Tloc      8%         2d10      47%         3
 Dispel Undead            Necr           4%         3d7       87%         4
 Martyr's Knell           Necr/Summ      4%         N/A       87%         4
 Bombard                  Conj/Erth      4%         9d2       100%        6
 Summon Hydra             Summ           2%         N/A       100%        7


Dungeon Overview and Level Annotations

Branches:
Dungeon (6/15)              Sewer (visited)
 Temple: D:4-7

Altars:
Ashenzari
Cheibriados
Kikubaaqudgha
Trog
Vehumet
The Shining One

Shops:
D:2 (


Innate Abilities, Weirdness & Mutations

You can wield a second weapon in your off-hand.
It takes a long time for you to wield or remove held weapons.
Your first few attacks do less damage.
You cannot equip rings or amulets.


Message History

Aim: an orc priest, wielding a +0 flail (severely wounded, 57% to hit)
You shoot a sling bullet. The sling bullet hits the orc priest.
The orc priest is severely wounded.
You shoot a sling bullet.
The sling bullet closely misses the orc priest.
The sling bullet barely misses the orc warrior.
Okay, then.
Fire: p) +0 sling {Wira}
Press: ? - help, Shift-Dir - straight line, f/p - orc priest
Aim: an orc priest, wielding a +0 flail (severely wounded, 57% to hit)
You shoot a sling bullet. The sling bullet hits the orc priest.
The orc priest is almost dead.
You shoot a sling bullet.
The sling bullet hits the orc priest but does no damage.
The orc priest is almost dead.
The orc priest invokes the aid of Beogh against you.
Beogh smites you!
* * * LOW HITPOINT WARNING * * *
Okay, then.
Fire: p) +0 sling {Wira}
Press: ? - help, Shift-Dir - straight line, f/p - orc priest
Aim: an orc priest, wielding a +0 flail (almost dead, 57% to hit)
You shoot a sling bullet.
The sling bullet hits the orc priest but does no damage.
The orc priest is almost dead.
You shoot a sling bullet. The sling bullet hits the orc priest.
You kill the orc priest!
Vehumet accepts your kill.
You feel your power returning.
Aiming: Paralyse
Press: ? - help, Shift-Dir - straight line, f - orc warrior
Aim: an orc warrior, wielding a +0 halberd and wearing a +0 plate armour (confused, chance to affect: 61%)
The orc warrior resists with significant effort.
The orc warrior seems less confused.
Aiming: Paralyse
Press: ? - help, Shift-Dir - straight line, f/p - orc warrior
Aim: an orc warrior, wielding a +0 halberd and wearing a +0 plate armour (chance to affect: 61%)
The orc warrior resists with significant effort.
The orc warrior hits you from afar with a +0 halberd!!
You die...

.....# ########......#
#...# .....#### #.)###.#
#...# .........
####..###.####...#
#.###....
#........)........ #.##
. .##.......).......
...# ..
.##.##......o.o... #..#
... ........o#######..
#..# #.#####.###).# ...#
#.........@..# ##.##
#.....####.## #.#.##
#.....####.#
.###.###..........######
## ##.##.....#.........#
# ##.#.....#.##.#.##...
## ##.####.###.##...#
.###.......# #.##.#.#
#.#.######## #.##.#.#


You could see an orc warrior.

Vanquished Creatures
  Sigmund (D:3)
  2 ogres
  A phantom (D:5)
  2 bullfrogs (Sewer)
  2 water moccasin zombies (D:5)
  A wyvern skeleton (D:5)
  A bombardier beetle (D:4)
  A bullfrog zombie (D:5)
  2 centaur zombies (D:5)
  2 jellies
  3 hounds (D:5)
  A sleepcap (D:5)
  A gnoll bouda (D:4)
  5 orc priests (D:6)
  A bullfrog skeleton (D:5)
  4 iguanas
  2 scorpion zombies (D:5)
  An orc wizard (D:6)
  2 hound zombies (D:5)
  4 gnolls (D:5)
  6 adders
  4 river rats (Sewer)
  2 shadow imps (D:5)
  6 ufetubi
  3 ribbon worms (D:2)
  6 dart slugs
  7 orcs
  21 ball pythons
  3 bats
  10 endoplasms
  6 giant cockroaches
  5 goblins
  6 hobgoblins
  6 quokkas
  5 frilled lizards
  4 kobolds
  24 rats
163 creatures vanquished.

Notes
Turn   | Place    | Note
-------+----------+-------------------------------------------
     0 | D:1      | hikkokomori the Coglin Alchemist began the quest for the
                  | Orb.
     0 | D:1      | Reached XP level 1. HP: 13/13 MP: 3/3
    36 | D:1      | Reached skill level 1 in Conjurations
   174 | D:1      | Reached XP level 2. HP: 19/19 MP: 1/5
   842 | D:1      | Reached XP level 3. HP: 24/24 MP: 3/6
  1682 | D:2      | Reached skill level 4 in Alchemy
  1742 | D:2      | Learned a level 3 spell: Mephitic Cloud
  1742 | D:2      | Upgraded the game from 0.32-a0-818-gb728d0252e to
                  | 0.32-a0-834-geaf45d8e21
  1750 | D:2      | Reached XP level 4. HP: 30/30 MP: 7/7
  1780 | D:2      | Learned a level 4 spell: Olgreb's Toxic Radiance
  2032 | D:2      | Found Pitoghos's Antique Weapon Shoppe.
  2463 | D:3      | Noticed Sigmund
  2621 | D:3      | Killed Sigmund
  2622 | D:3      | Reached skill level 1 in Air Magic
  2622 | D:3      | Reached XP level 5. HP: 29/35 MP: 1/9
  2622 | D:3      | Reached XP level 6. HP: 34/41 MP: 1/10
  3128 | D:3      | Found an ancient bone altar of Kikubaaqudgha.
  3129 | D:3      | Found a glowing golden altar of the Shining One.
  3196 | D:3      | Found a broken altar of Ashenzari.
  3408 | D:4      | Found a bloodstained altar of Trog.
  3555 | D:4      | Identified the +1 leather armour of Inference {rF++ rC+
                  | Str+3}
  3686 | D:4      | Found a radiant altar of Vehumet.
  4181 | D:4      | Became a worshipper of Vehumet
  4194 | D:5      | Entered Level 5 of the Dungeon
  4301 | D:5      | Reached XP level 7. HP: 39/46 MP: 10/12
  4379 | D:5      | Reached skill level 5 in Alchemy
  4397 | D:5      | Reached skill level 1 in Ranged Weapons
  4397 | D:5      | Reached skill level 1 in Armour
  4403 | D:5      | Reached skill level 1 in Evocations
  4406 | D:5      | HP: 2/46 [bullfrog zombie (5)]
  4609 | D:5      | Found a glowing drain.
  4622 | Sewer    | Entered a sewer
  4689 | Sewer    | Reached * piety under Vehumet
  4689 | Sewer    | Offered knowledge of Shock by Vehumet.
  5009 | Sewer    | Reached XP level 8. HP: 16/52 MP: 7/13
  5463 | D:5      | Reached ** piety under Vehumet
  5472 | D:5      | Reached skill level 1 in Fighting
  5472 | D:5      | Offered knowledge of Foxfire by Vehumet.
  6121 | D:5      | Learned a level 5 spell: Freezing Cloud
  6138 | D:5      | Found a snail-covered altar of Cheibriados.
  6143 | D:5      | Reached skill level 6 in Alchemy
  7173 | D:6      | Reached XP level 9. HP: 21/62 MP: 2/15
  7186 | D:6      | Slain by an orc warrior

Illustrated notes

Levels and vault maps discovered:
D:1:      nzn_arrival_depleted_hourglass, layout_loops_corners,
          dk_noncrumbling_2
D:2:      layout_loops_cross, serial_shops, shop
D:3:      layout_loops_ring, mainiacjoe_overflow_tiny_flanked,
          mainiacjoe_overflow_divided_tiny, uniq_sigmund
D:4:      layout_gridville, mainiacjoe_overflow_concentric_impassable,
          vehumet_crystals
D:5:      layout_loops_ring, mainiacjoe_overflow_chevrons, serial_undead,
          serial_undead_d, serial_undead_d, serial_undead_b, serial_undead_d,
          portal_sewer_entry_e
D:6:      layout_loops_cross

Skill      XL: |  1  2  3  4  5  6  7  8 |
---------------+-------------------------+-----
Conjurations   | 1 2 3 |  3.1
Spellcasting   | 2 3 4 |  4.6
Alchemy        | 4 5 6 |  6.5
Stealth        | 2 3 |  3.0
Air Magic      | 1 2 |  2.0
Ranged Weapons | 1 3 |  3.3
Armour         | 2 |  2.0
Evocations     | 2 4 |  4.5
Fighting       | 2 |  2.7
Dodging        | |  1.7

Action                     |  1- 3 |  4- 6 |  7- 9 || total
---------------------------+-------+-------+-------++-------
  Melee: Unarmed           |    15 |       |       ||    15
         Whip              |     8 |   119 |       ||   127
         Dagger            |     4 |   116 |       ||   120
   Fire: Sling             |       |   104 |   692 ||   796
   Cast: Sting             |    56 |     4 |       ||    60
         Mephitic Cloud    |       |     3 |    10 ||    13
         Olgreb's Toxic Ra |       |     1 |     6 ||     7
  Evoke: Wand              |       |       |     4 ||     4
    Use: Scroll            |     1 |     7 |     3 ||    11
         Potion            |       |       |     3 ||     3
   Stab: Sleeping          |       |     2 |       ||     2
         Confused          |       |     3 |       ||     3
 Armour: Robe              |    36 |    58 |       ||    94
         Leather armour    |       |    42 |   226 ||   268
         Skin              |       |       |    19 ||    19
  Dodge: Dodged            |    22 |    95 |   201 ||   318

Table legend: (Time is in decaauts)
 A = Elapsed time spent in this place.
 B = Non-inter-level travel time spent in this place.
 C = Inter-level travel time spent in this place.
 D = Time resting spent in this place.
 E = Time spent auto-exploring this place.
 F = Levels seen in this place.
 G = Mean time per level.
                   A        B        C        D        E       F      G
               +--------+--------+--------+--------+--------+-----+--------+
         Total |   7352 |   7184 |    168 |    778 |   4965 |   7 | 1050.3 |
       Dungeon |   6717 |   6549 |    168 |    652 |   4633 |   6 | 1119.5 |
         Sewer |    635 |    635 |      0 |    126 |    332 |   1 |  635.0 |
               +--------+--------+--------+--------+--------+-----+--------+

Top non-repeatable levels by time:
     D:5: 1675 daAuts
     D:1: 1647 daAuts
     D:4: 1105 daAuts
     D:3: 943 daAuts
     D:2: 878 daAuts
   Sewer: 635 daAuts
     D:6: 467 daAuts
